AoeStats
← SLTD.NinjaXXCrowXX

Arabian Desert

508788788Analyzed
1v1 RM · 9d ago on Sep 24, 2026· 24m 1s· 2 players
Game mode
Random Map
Map size
Tiny (2 player)
Population
200
Speed
Normal
Resources
Standard
Victory
Conquest
Starting age
Dark Age
Ending age
Imperial Age
RankedLock teamsTeams togetherTeam positionsShared explorationLock speedFull tech treeHidden civsTurbo modeCheats
Victory
Defeat
1144
+46
🇺🇸 Sicilians · United States
1159
-17
Randomized rubic's cube
6:18 Loom
9:35 Feudal Age
10:05 Double-Bit Axe
13:32 Horse Collar
16:07 Fletching
20:50 Castle Age
18:59 Padded Archer Armor
19:56 Gold Mining
21:59 Bodkin Arrow
23:02 Bow Saw
SLTD.NinjaXXCrowXX
2:20 Loom
12:11 Feudal Age
19:37 Double-Bit Axe
25:12 Castle Age
23:38 Gold Mining
23:40 Horse Collar
Connection lost

Rejoining the realm…

Still unreachable

The connection could not be restored.

Session expired

The server has moved on; the page needs a fresh start.